[ AOE2 MATCH · #484383379 ]
UnrankedPoles vs Spanish
[ REPLAY ANALYSIS · EXTRACTED FROM THE RECORDED GAME ]
Feudal
12:13
Castle
22:30
Imperial
31:00
| APM avg | 12.8 |
| APM peak | 38 |
| eAPM avg | 11.9 |
| Villagers / military | 166 / 490 |
Focus
⚔️ 39.6% · 🌾 60.4%
Obuch ×219 · Militia ×196 · Skirmisher ×28 · Spearman ×24 · Trebuchet (Packed) ×21 · Trade Cart ×10
Feudal
13:05
Castle
18:15
Imperial
41:20
| APM avg | 12.3 |
| APM peak | 33 |
| eAPM avg | 10.6 |
| Villagers / military | 101 / 187 |
Focus
⚔️ 52.5% · 🌾 47.5%
Conquistador ×63 · Knight ×47 · Spearman ×34 · Trade Cart ×18 · Hand Cannoneer ×12 · Scout Cavalry ×11
Feudal
17:37
Castle
27:22
Imperial
40:11
| APM avg | 10.4 |
| APM peak | 33 |
| eAPM avg | 9.3 |
| Villagers / military | 175 / 364 |
Focus
⚔️ 35.5% · 🌾 64.5%
Spearman ×112 · Scout Cavalry ×94 · Hussite Wagon ×87 · Scorpion ×43 · Mangonel ×13 · Trade Cart ×12
Feudal
14:02
Castle
21:38
Imperial
34:03
| APM avg | 10.4 |
| APM peak | 27 |
| eAPM avg | 9.4 |
| Villagers / military | 92 / 150 |
Focus
⚔️ 43.9% · 🌾 56.1%
Knight ×78 · Ballista Elephant ×37 · Scout Cavalry ×20 · Mangonel ×9 · Trade Cart ×9 · Trebuchet (Packed) ×5
Match map
Initial resources + every placement click. Lines = walls · curves = elevation contours. ◆ gold · ⬟ stone · ● berries · ✦ relic · ◌ wall gap
Your base· ✓ Closed at 22:30 · 18t walls · no gate
juamos's base· ✓ Closed at 18:15 · 19t walls · fragile
jorh.choxxy's base· ✓ Closed at 27:22 · 31t walls · no gate
Verro's base· Open — opponent sealed themselves in
Smoothed initial terrain · ◌ = detected wall gap · hover for details
Inputs per minute
— Denisov - - juamos
Build order — Denisov
First 150 of 508 actions detected
| 0:08 | Create | Villager (Male) |
| 0:08 | Create | Villager (Male) |
| 0:09 | Create | Villager (Male) |
| 0:09 | Create | Villager (Male) |
| 0:13 | Build | House |
| 0:20 | Build | House |
| 2:04 | Create | Villager (Male) |
| 2:47 | Create | Villager (Male) |
| 3:14 | Create | Villager (Male) |
| 3:33 | Create | Villager (Male) |
| 4:16 | Create | Villager (Male) ×2 |
| 4:37 | Create | Villager (Male) |
| 4:51 | Build | Lumber Camp |
| 4:55 | Create | Villager (Male) |
| 5:16 | Create | Villager (Male) |
| 5:23 | Build | House |
| 6:01 | Create | Villager (Male) ×3 |
| 6:24 | Create | Villager (Male) ×2 |
| 6:43 | Build | House |
| 8:01 | Build | Mill |
| 10:03 | Research | Feudal Age |
| 10:04 | Create | Villager (Male) |
| 10:48 | Create | Villager (Male) |
| 10:49 | Create | Villager (Male) |
| 11:52 | Create | Villager (Male) |
| 12:12 | Build | Mining Camp |
| 12:13 | Age | Feudal Age |
| 12:19 | Create | Villager (Male) |
| 12:24 | Research | Horse Collar |
| 12:27 | Research | Double-Bit Axe |
| 12:41 | Build | Stone Wall |
| 13:03 | Build | Mining Camp |
| 13:41 | Create | Villager (Male) |
| 13:41 | Create | Villager (Male) |
| 13:41 | Create | Villager (Male) |
| 13:41 | Create | Villager (Male) |
| 13:42 | Create | Villager (Male) |
| 13:42 | Create | Villager (Male) |
| 14:12 | Build | Farm |
| 14:13 | Build | Farm |
| 14:18 | Build | Farm |
| 14:20 | Build | Farm |
| 14:21 | Build | Farm |
| 14:23 | Build | Farm |
| 14:24 | Build | Farm |
| 15:07 | Create | Villager (Male) ×5 |
| 15:20 | Build | House |
| 16:02 | Build | Farm |
| 16:06 | Build | Farm |
| 16:10 | Build | Farm |
| 16:11 | Build | Farm |
| 16:15 | Build | Farm |
| 16:16 | Build | Farm |
| 16:22 | Create | Villager (Male) ×5 |
| 16:39 | Build | Stone Wall |
| 17:10 | Build | Market |
| 18:01 | Build | Farm |
| 18:02 | Build | Farm |
| 18:03 | Build | Farm |
| 18:03 | Build | Farm |
| 18:03 | Build | Farm |
| 18:04 | Build | Farm |
| 18:04 | Build | Farm |
| 18:04 | Build | Farm |
| 18:04 | Build | Farm |
| 18:14 | Create | Villager (Male) ×5 |
| 18:54 | Build | Blacksmith |
| 19:26 | Build | Stone Wall |
| 19:50 | Research | Castle Age |
| 19:51 | Create | Villager (Male) |
| 19:51 | Create | Villager (Male) |
| 20:07 | Build | Mining Camp |
| 21:02 | Research | Gold Mining |
| 21:05 | Research | Stone Mining |
| 21:30 | Build | House |
| 22:22 | Build | House |
| 22:30 | Age | Castle Age |
| 22:54 | Build | Town Center |
| 23:12 | Build | Farm |
| 23:15 | Build | Farm |
| 23:16 | Build | Farm |
| 23:28 | Build | Castle |
| 24:25 | Build | Farm |
| 24:31 | Create | Villager (Male) |
| 24:32 | Create | Villager (Male) |
| 24:32 | Create | Villager (Male) |
| 24:32 | Create | Villager (Male) |
| 24:33 | Create | Villager (Male) |
| 24:55 | Create | Villager (Male) |
| 24:55 | Create | Villager (Male) |
| 24:55 | Create | Villager (Male) |
| 24:56 | Create | Villager (Male) |
| 24:57 | Create | Villager (Male) |
| 24:57 | Create | Villager (Male) |
| 25:16 | Build | Farm |
| 25:17 | Build | Farm |
| 25:19 | Build | Farm |
| 25:21 | Build | Farm |
| 25:23 | Build | Farm |
| 25:32 | Create | Villager (Male) ×5 |
| 25:33 | Create | Villager (Male) ×5 |
| 25:45 | Build | Farm |
| 25:47 | Build | Farm |
| 26:11 | Build | Farm |
| 26:13 | Build | Farm |
| 26:14 | Build | Farm |
| 26:14 | Build | Farm |
| 26:15 | Build | Farm |
| 26:52 | Research | Stone Shaft Mining |
| 27:32 | Build | Farm |
| 27:47 | Research | Imperial Age |
| 27:55 | Create | Villager (Male) |
| 27:56 | Create | Villager (Male) |
| 27:56 | Create | Villager (Male) |
| 27:56 | Create | Villager (Male) |
| 27:56 | Create | Villager (Male) |
| 27:56 | Create | Villager (Male) |
| 27:57 | Create | Villager (Male) |
| 27:57 | Create | Villager (Male) |
| 27:57 | Create | Villager (Male) |
| 27:57 | Create | Villager (Male) |
| 28:07 | Create | Obuch |
| 28:07 | Create | Obuch |
| 28:07 | Create | Obuch |
| 28:08 | Create | Obuch |
| 28:08 | Create | Obuch |
| 28:08 | Create | Obuch |
| 28:09 | Create | Obuch |
| 28:09 | Create | Obuch |
| 28:11 | Create | Obuch |
| 28:11 | Create | Obuch |
| 28:12 | Create | Obuch |
| 28:12 | Create | Obuch |
| 28:12 | Create | Obuch |
| 28:23 | Build | House |
| 28:27 | Build | House |
| 28:32 | Build | House |
| 28:36 | Build | House |
| 28:44 | Build | Farm |
| 28:46 | Build | Farm |
| 28:51 | Build | Farm |
| 28:57 | Build | Farm |
| 29:22 | Create | Villager (Male) |
| 29:22 | Create | Villager (Male) |
| 29:22 | Create | Villager (Male) |
| 29:22 | Create | Villager (Male) |
| 29:24 | Create | Villager (Male) |
| 30:01 | Build | Monastery |
| 30:18 | Build | Mining Camp |
| 30:39 | Create | Obuch |
Build order — juamos
First 150 of 470 actions detected
| 0:01 | Create | Villager (Male) |
| 0:01 | Create | Villager (Male) |
| 0:02 | Create | Villager (Male) |
| 0:02 | Create | Villager (Male) |
| 0:09 | Build | House |
| 0:13 | Build | House |
| 1:48 | Create | Villager (Male) |
| 2:56 | Create | Villager (Male) |
| 2:57 | Create | Villager (Male) |
| 3:38 | Build | Palisade Wall |
| 4:04 | Build | Lumber Camp |
| 4:09 | Create | Villager (Male) |
| 4:26 | Create | Villager (Male) |
| 4:26 | Create | Villager (Male) |
| 4:27 | Create | Villager (Male) |
| 4:29 | Create | Villager (Male) |
| 5:41 | Create | Villager (Male) |
| 5:41 | Create | Villager (Male) |
| 5:55 | Build | Palisade Wall |
| 6:18 | Build | House |
| 6:27 | Research | Loom |
| 6:31 | Create | Villager (Male) |
| 6:32 | Create | Villager (Male) |
| 6:59 | Create | Villager (Male) |
| 6:59 | Create | Villager (Male) |
| 7:20 | Build | Mill |
| 8:07 | Build | Mining Camp |
| 8:14 | Create | Villager (Male) |
| 8:15 | Create | Villager (Male) |
| 8:20 | Build | House |
| 9:06 | Create | Villager (Male) |
| 9:27 | Build | House |
| 9:34 | Create | Villager (Male) |
| 10:18 | Create | Villager (Male) |
| 10:55 | Research | Feudal Age |
| 11:20 | Build | Barracks |
| 11:48 | Create | Villager (Male) |
| 11:48 | Create | Villager (Male) |
| 12:32 | Build | Mining Camp |
| 12:44 | Create | Villager (Male) |
| 13:05 | Age | Feudal Age |
| 13:13 | Build | Market |
| 14:13 | Build | Blacksmith |
| 15:31 | Build | Farm |
| 15:35 | Research | Castle Age |
| 15:48 | Build | Farm |
| 16:12 | Build | Farm |
| 16:21 | Create | Villager (Male) |
| 17:14 | Build | Farm |
| 17:27 | Build | Lumber Camp |
| 17:37 | Build | Farm |
| 17:41 | Build | Farm |
| 18:15 | Age | Castle Age |
| 18:25 | Build | Castle |
| 18:37 | Create | Villager (Male) |
| 18:38 | Create | Villager (Male) |
| 18:49 | Build | House |
| 18:53 | Build | House |
| 18:54 | Build | House |
| 19:13 | Create | Villager (Male) |
| 19:13 | Create | Villager (Male) |
| 19:27 | Build | Town Center |
| 19:48 | Build | Farm |
| 19:58 | Create | Conquistador |
| 20:40 | Create | Conquistador |
| 20:44 | Create | Spearman |
| 20:45 | Create | Spearman |
| 21:21 | Build | Archery Range |
| 21:27 | Create | Conquistador |
| 21:33 | Create | Villager (Male) |
| 21:47 | Build | Farm |
| 21:53 | Build | Farm |
| 21:58 | Build | Farm |
| 22:02 | Create | Villager (Male) |
| 22:20 | Build | Mining Camp |
| 22:27 | Create | Villager (Male) |
| 23:09 | Build | Stone Wall |
| 23:18 | Create | Conquistador |
| 23:22 | Research | Padded Archer Armor |
| 23:29 | Create | Villager (Male) |
| 23:41 | Create | Trade Cart |
| 23:42 | Create | Trade Cart |
| 23:43 | Create | Trade Cart |
| 24:14 | Create | Villager (Male) |
| 24:15 | Create | Villager (Male) |
| 24:18 | Create | Villager (Male) |
| 24:25 | Build | Farm |
| 24:48 | Research | Double-Bit Axe |
| 25:10 | Build | Stone Wall |
| 25:27 | Create | Villager (Male) |
| 25:28 | Create | Villager (Male) |
| 25:30 | Create | Villager (Male) |
| 25:48 | Research | Horse Collar |
| 26:02 | Build | Farm |
| 26:16 | Build | Farm |
| 26:21 | Create | Trade Cart |
| 26:39 | Build | Gate |
| 26:44 | Create | Conquistador |
| 26:49 | Create | Villager (Male) |
| 26:52 | Create | Villager (Male) |
| 26:53 | Create | Villager (Male) |
| 27:08 | Build | Monastery |
| 27:30 | Build | Farm |
| 27:36 | Research | Caravan |
| 27:55 | Build | Gate |
| 28:00 | Create | Conquistador |
| 28:15 | Build | Farm |
| 28:19 | Create | Missionary |
| 28:23 | Research | Fletching |
| 28:41 | Create | Villager (Male) |
| 28:41 | Create | Villager (Male) |
| 28:43 | Create | Villager (Male) |
| 28:43 | Create | Villager (Male) |
| 29:01 | Build | Town Center |
| 29:39 | Create | Villager (Male) |
| 29:39 | Create | Villager (Male) |
| 29:41 | Create | Villager (Male) |
| 29:41 | Create | Villager (Male) |
| 29:54 | Research | Town Watch |
| 29:55 | Create | Villager (Male) |
| 30:03 | Research | Leather Archer Armor |
| 30:27 | Build | Stable |
| 30:37 | Build | Barracks |
| 30:56 | Create | Archer |
| 31:01 | Create | Archer |
| 31:08 | Create | Archer |
| 31:10 | Create | Archer |
| 31:11 | Research | Thumb Ring |
| 31:27 | Create | Villager (Male) |
| 31:31 | Create | Villager (Male) |
| 31:40 | Build | Farm |
| 31:58 | Build | Farm |
| 32:07 | Build | Farm |
| 32:13 | Build | Farm |
| 32:15 | Build | Farm |
| 32:17 | Build | Farm |
| 32:20 | Build | Farm |
| 32:29 | Build | Farm |
| 32:55 | Build | House |
| 32:59 | Build | House |
| 33:11 | Build | University |
| 33:27 | Build | Lumber Camp |
| 33:30 | Create | Conquistador |
| 33:31 | Create | Conquistador |
| 33:41 | Create | Villager (Male) |
| 33:41 | Create | Villager (Male) |
| 33:51 | Create | Trade Cart |
| 33:51 | Create | Trade Cart |
| 34:07 | Build | Farm |
| 34:12 | Create | Villager (Male) |
Build order — jorh.choxxy
First 150 of 335 actions detected
| 0:11 | Build | House |
| 0:12 | Build | House |
| 0:14 | Build | House |
| 0:15 | Build | House |
| 0:27 | Build | Palisade Wall |
| 0:38 | Create | Villager (Male) ×4 |
| 0:38 | Create | Villager (Male) ×4 |
| 1:40 | Research | Loom |
| 4:04 | Build | Palisade Wall |
| 4:17 | Create | Villager (Male) |
| 4:51 | Create | Villager (Male) |
| 4:51 | Create | Villager (Male) |
| 5:20 | Create | Villager (Male) |
| 5:21 | Create | Villager (Male) |
| 6:09 | Create | Villager (Male) |
| 6:09 | Create | Villager (Male) |
| 6:27 | Create | Villager (Male) |
| 6:27 | Create | Villager (Male) |
| 6:48 | Create | Villager (Male) |
| 6:48 | Create | Villager (Male) |
| 7:46 | Create | Villager (Male) |
| 7:46 | Create | Villager (Male) |
| 7:46 | Create | Villager (Male) |
| 7:46 | Create | Villager (Male) |
| 9:00 | Build | Mill |
| 9:53 | Create | Villager (Male) |
| 9:54 | Create | Villager (Male) |
| 9:54 | Create | Villager (Male) |
| 10:07 | Create | Villager (Male) |
| 10:07 | Create | Villager (Male) |
| 11:07 | Create | Villager (Male) |
| 11:07 | Create | Villager (Male) |
| 11:08 | Create | Villager (Male) |
| 11:08 | Create | Villager (Male) |
| 11:08 | Create | Villager (Male) |
| 11:08 | Create | Villager (Male) |
| 11:25 | Build | Mill |
| 11:36 | Build | Lumber Camp |
| 14:51 | Build | Lumber Camp |
| 15:27 | Research | Feudal Age |
| 15:38 | Build | Farm |
| 15:39 | Build | Farm |
| 15:40 | Build | Farm |
| 15:42 | Build | Farm |
| 15:45 | Build | Farm |
| 15:48 | Build | Farm |
| 15:49 | Build | Farm |
| 15:55 | Build | Farm |
| 15:58 | Build | Farm |
| 16:57 | Build | Farm |
| 17:28 | Create | Villager (Male) ×5 |
| 17:28 | Create | Villager (Male) ×5 |
| 17:37 | Age | Feudal Age |
| 17:49 | Build | House |
| 17:50 | Build | House |
| 17:51 | Build | House |
| 18:25 | Build | Stone Wall |
| 18:50 | Build | Market |
| 18:56 | Build | Blacksmith |
| 19:06 | Research | Town Watch |
| 19:12 | Build | Mining Camp |
| 19:16 | Create | Villager (Male) ×5 |
| 19:16 | Create | Villager (Male) ×5 |
| 19:16 | Create | Villager (Male) |
| 20:47 | Research | Wheelbarrow |
| 20:58 | Research | Double-Bit Axe |
| 21:36 | Build | House |
| 21:38 | Build | House |
| 21:40 | Build | Barracks |
| 21:42 | Build | Barracks |
| 21:54 | Create | Villager (Male) ×4 |
| 21:55 | Create | Villager (Male) ×4 |
| 22:03 | Build | Mining Camp |
| 22:17 | Create | Villager (Male) |
| 22:17 | Create | Villager (Male) |
| 24:04 | Research | Castle Age |
| 24:17 | Research | Man-at-Arms (upgrade) |
| 24:43 | Build | Barracks |
| 24:44 | Build | Stable |
| 24:46 | Build | Stable |
| 25:20 | Create | Trade Cart |
| 25:31 | Research | Arson |
| 26:10 | Research | Horse Collar |
| 26:30 | Research | Wheelbarrow |
| 26:40 | Build | Farm |
| 27:09 | Build | Farm |
| 27:22 | Age | Castle Age |
| 27:35 | Build | Farm |
| 27:56 | Build | Town Center |
| 28:46 | Build | Farm |
| 28:48 | Create | Villager (Male) ×5 |
| 28:49 | Create | Villager (Male) ×5 |
| 28:49 | Create | Villager (Male) ×5 |
| 28:49 | Create | Villager (Male) ×5 |
| 28:55 | Create | Villager (Male) ×2 |
| 28:56 | Create | Villager (Male) ×2 |
| 29:11 | Build | Mining Camp |
| 29:18 | Research | Caravan |
| 29:30 | Build | Farm |
| 29:36 | Create | Villager (Male) |
| 29:50 | Build | Farm |
| 30:06 | Research | Heavy Plow |
| 30:17 | Build | Farm |
| 30:29 | Build | Farm |
| 30:37 | Build | Farm |
| 30:45 | Build | Farm |
| 30:56 | Build | Farm |
| 31:08 | Build | Farm |
| 31:16 | Build | Farm |
| 31:57 | Create | Villager (Male) |
| 31:57 | Create | Villager (Male) |
| 32:00 | Research | Hand Cart |
| 32:07 | Build | Lumber Camp |
| 32:42 | Research | Bow Saw |
| 33:00 | Build | Town Center |
| 33:11 | Build | House |
| 33:12 | Build | House |
| 33:14 | Build | House |
| 33:37 | Build | University |
| 34:29 | Build | Town Center |
| 34:48 | Build | Castle |
| 34:57 | Research | Pikeman (upgrade) |
| 35:07 | Create | Villager (Male) |
| 35:08 | Create | Villager (Male) |
| 35:24 | Build | Lumber Camp |
| 35:35 | Create | Villager (Male) |
| 35:36 | Create | Villager (Male) |
| 35:37 | Create | Villager (Male) |
| 35:42 | Build | Farm |
| 35:49 | Research | Squires |
| 36:04 | Create | Villager (Male) |
| 36:04 | Create | Villager (Male) |
| 36:19 | Build | Farm |
| 36:22 | Build | Mill |
| 36:30 | Build | Farm |
| 36:54 | Build | Farm |
| 36:59 | Build | Farm |
| 37:01 | Research | Imperial Age |
| 37:06 | Build | Farm |
| 37:07 | Build | Farm |
| 37:10 | Build | Farm |
| 37:22 | Build | Siege Workshop |
| 37:23 | Build | Siege Workshop |
| 37:26 | Build | Siege Workshop |
| 37:36 | Build | Siege Workshop |
| 37:42 | Research | Murder Holes |
| 37:45 | Research | Fortified Wall (upgrade) |
| 37:46 | Research | Chemistry |
| 38:01 | Create | Hussite Wagon ×3 |
| 38:01 | Create | Hussite Wagon ×3 |
Build order — Verro
First 150 of 415 actions detected
| 0:26 | Create | Villager (Male) |
| 0:27 | Research | Loom |
| 0:28 | Create | Villager (Male) |
| 0:28 | Create | Villager (Male) |
| 0:54 | Build | House |
| 2:07 | Build | Palisade Wall |
| 3:01 | Create | Villager (Male) |
| 3:01 | Create | Villager (Male) |
| 3:44 | Build | Outpost |
| 3:57 | Build | House |
| 4:11 | Create | Villager (Male) |
| 4:11 | Create | Villager (Male) |
| 4:52 | Create | Villager (Male) |
| 5:43 | Build | Lumber Camp |
| 5:51 | Create | Villager (Male) |
| 5:53 | Create | Villager (Male) |
| 6:29 | Create | Villager (Male) |
| 7:10 | Create | Villager (Male) |
| 7:10 | Create | Villager (Male) |
| 7:27 | Build | House |
| 7:29 | Build | House |
| 7:32 | Build | House |
| 7:52 | Build | Mill |
| 8:00 | Create | Villager (Male) |
| 8:34 | Create | Villager (Male) |
| 8:34 | Create | Villager (Male) |
| 8:54 | Create | Villager (Male) |
| 8:54 | Create | Villager (Male) |
| 10:10 | Create | Villager (Male) |
| 10:42 | Create | Villager (Male) |
| 11:09 | Create | Villager (Male) |
| 11:52 | Research | Feudal Age |
| 12:15 | Build | Mining Camp |
| 13:09 | Build | Mining Camp |
| 13:50 | Build | Farm |
| 14:02 | Age | Feudal Age |
| 14:07 | Research | Horse Collar |
| 14:30 | Build | Farm |
| 14:34 | Research | Double-Bit Axe |
| 14:47 | Research | Town Watch |
| 14:48 | Create | Villager (Male) |
| 14:49 | Create | Villager (Male) |
| 15:05 | Build | Market |
| 15:21 | Build | Lumber Camp |
| 15:38 | Build | Farm |
| 15:47 | Build | Farm |
| 15:50 | Build | Farm |
| 15:54 | Build | Farm |
| 15:57 | Build | Farm |
| 16:04 | Build | Farm |
| 16:37 | Build | House |
| 16:40 | Build | House |
| 17:13 | Create | Villager (Male) |
| 17:13 | Create | Villager (Male) |
| 17:28 | Create | Trade Cart |
| 17:58 | Build | Stone Wall |
| 18:25 | Build | Gate |
| 18:34 | Build | Stone Wall |
| 18:58 | Research | Castle Age |
| 19:03 | Build | Farm |
| 19:05 | Build | Farm |
| 19:15 | Research | Gold Mining |
| 19:17 | Research | Stone Mining |
| 19:27 | Build | Farm |
| 19:44 | Build | House |
| 19:46 | Build | House |
| 19:51 | Build | House |
| 20:52 | Build | Archery Range |
| 21:04 | Build | Farm |
| 21:10 | Build | Farm |
| 21:38 | Age | Castle Age |
| 21:40 | Create | Villager (Male) |
| 21:40 | Create | Villager (Male) |
| 21:41 | Create | Villager (Male) |
| 22:04 | Research | Stone Shaft Mining |
| 22:07 | Research | Gold Shaft Mining |
| 22:35 | Research | Bow Saw |
| 23:05 | Create | Villager (Male) |
| 23:06 | Create | Villager (Male) |
| 23:37 | Build | Town Center |
| 23:51 | Create | Villager (Male) |
| 23:52 | Create | Villager (Male) |
| 24:40 | Create | Villager (Male) |
| 24:41 | Create | Villager (Male) |
| 25:06 | Build | Monastery |
| 25:21 | Build | Town Center |
| 25:38 | Create | Villager (Male) |
| 25:39 | Create | Villager (Male) |
| 26:10 | Create | Monk |
| 26:16 | Create | Trade Cart |
| 26:45 | Research | Heavy Plow |
| 26:58 | Build | Castle |
| 27:09 | Build | Farm |
| 27:20 | Create | Villager (Male) |
| 27:20 | Create | Villager (Male) |
| 27:21 | Create | Villager (Male) |
| 28:09 | Build | Blacksmith |
| 28:17 | Create | Villager (Male) |
| 28:17 | Create | Villager (Male) |
| 28:17 | Create | Villager (Male) |
| 28:18 | Create | Villager (Male) |
| 28:18 | Create | Villager (Male) |
| 28:18 | Create | Villager (Male) |
| 28:27 | Create | Villager (Male) |
| 28:27 | Create | Villager (Male) |
| 28:27 | Create | Villager (Male) |
| 28:27 | Create | Villager (Male) |
| 28:28 | Create | Villager (Male) |
| 28:35 | Build | Farm |
| 29:00 | Build | Farm |
| 29:10 | Build | Farm |
| 29:14 | Build | Farm |
| 29:37 | Create | Villager (Male) |
| 29:38 | Create | Villager (Male) |
| 29:38 | Create | Villager (Male) |
| 30:10 | Build | Town Center |
| 30:29 | Build | Stable |
| 30:41 | Build | Barracks |
| 30:53 | Research | Imperial Age |
| 30:57 | Create | Ballista Elephant |
| 31:13 | Build | Farm |
| 31:17 | Build | Farm |
| 31:20 | Build | Farm |
| 31:32 | Research | Fletching |
| 31:33 | Research | Padded Archer Armor |
| 31:39 | Create | Villager (Male) |
| 31:40 | Create | Villager (Male) |
| 31:40 | Create | Villager (Male) |
| 31:51 | Build | Farm |
| 32:00 | Build | Farm |
| 32:06 | Build | Farm |
| 32:16 | Create | Villager (Male) |
| 32:16 | Create | Villager (Male) |
| 32:17 | Create | Villager (Male) |
| 32:23 | Build | Farm |
| 32:26 | Build | Farm |
| 32:28 | Build | Farm |
| 32:39 | Build | Mining Camp |
| 32:52 | Create | Villager (Male) |
| 32:53 | Create | Villager (Male) |
| 33:00 | Create | Villager (Male) |
| 33:01 | Create | Villager (Male) |
| 33:01 | Create | Villager (Male) |
| 33:16 | Build | House |
| 33:18 | Build | House |
| 33:19 | Build | House |
| 33:34 | Build | House |
| 33:35 | Build | House |
| 33:37 | Build | House |
| 33:55 | Build | University |
Match timeline
| 0:27 | jorh.choxxy · wall_segment Palisade Wall x12 |
| 2:07 | Verro · wall_segment Palisade Wall x12 |
| 3:38 | juamos · wall_segment Palisade Wall x8 |
| 4:04 | jorh.choxxy · wall_segment Palisade Wall x8 |
| 5:55 | juamos · wall_segment Palisade Wall x11 |
| 11:20 | juamos · first_building Barracks |
| 12:13 | Denisov · age_up feudal |
| 12:41 | Denisov · wall_segment Stone Wall x9 |
| 13:05 | juamos · age_up feudal |
| 14:02 | Verro · age_up feudal |
| 15:21 | juamos · first_market_buy 100 food |
| 16:39 | Denisov · wall_segment Stone Wall x9 |
| 17:37 | jorh.choxxy · age_up feudal |
| 17:58 | Verro · wall_segment Stone Wall x12 |
| 18:15 | juamos · age_up castle |
| 18:25 | juamos · first_building Castle |
| 18:25 | jorh.choxxy · wall_segment Stone Wall x13 |
| 18:34 | Verro · wall_segment Stone Wall x2 |
| 19:26 | Denisov · wall_segment Stone Wall x1 |
| 20:52 | Verro · first_building Archery Range |
| 21:21 | juamos · first_building Archery Range |
| 21:38 | Verro · age_up castle |
| 21:40 | jorh.choxxy · first_building Barracks |
| 22:30 | Denisov · age_up castle |
| 23:09 | juamos · wall_segment Stone Wall x11 |
| 23:19 | jorh.choxxy · first_market_buy 100 food |
| 23:28 | Denisov · first_building Castle |
| 23:43 | jorh.choxxy · first_market_sell 100 wood |
| 24:44 | jorh.choxxy · first_building Stable |
| 25:06 | Verro · first_building Monastery |
| 25:10 | juamos · wall_segment Stone Wall x8 |
| 26:58 | Verro · first_building Castle |
| 27:08 | juamos · first_building Monastery |
| 27:22 | jorh.choxxy · age_up castle |
| 30:01 | Denisov · first_building Monastery |
| 30:27 | juamos · first_building Stable |
| 30:29 | Verro · first_building Stable |
| 30:41 | Verro · first_building Barracks |
| 31:00 | Denisov · age_up imperial |
| 34:03 | Verro · age_up imperial |
| 34:48 | jorh.choxxy · first_building Castle |
| 37:22 | jorh.choxxy · first_building Siege Workshop |
| 40:11 | jorh.choxxy · age_up imperial |
| 40:37 | jorh.choxxy · first_building Monastery |
| 41:20 | juamos · age_up imperial |
| 47:32 | Denisov · first_building Barracks |
| 48:14 | Denisov · wall_segment Stone Wall x11 |
| 50:08 | Verro · wall_segment Stone Wall x1 |
| 50:50 | Verro · wall_segment Stone Wall x7 |
| 55:56 | Verro · first_building Siege Workshop |
| 60:01 | Denisov · first_building Archery Range |
| 63:20 | Denisov · first_building Siege Workshop |
| 65:37 | Denisov · wall_segment Stone Wall x15 |
| 67:13 | jorh.choxxy · resign |
[ AI ANALYSIS · 1 CREDIT ]
What really happened in this match?
Wolo.gg analyzes every decision: build order, eco, micro, common mistakes by bracket. Personalized analysis on WhatsApp or Discord in 30 seconds.
Civ guide
Poles
Perfil
Jugador #974464